 Dungeon Crawl Stone Soup version 0.22-a0-587-g7d32d7c (webtiles) character file.

20198 Hebeh the Slicer (level 12, -5/107 HPs)
             Began as a Minotaur Fighter on July 3, 2018.
             Was a High Priest of Trog.
             Slain by a harpy (14 damage)
             ... summoned by Kirke
             ... on level 13 of the Dungeon on July 4, 2018.
             The game lasted 00:54:34 (13305 turns).

Hebeh the Slicer (Minotaur Fighter)                Turns: 13305, Time: 00:54:35

Health: -5/107     AC:  0    Str: 26    XL:     12   Next: 43%
Magic:  15/15      EV: 13    Int:  5    God:    Trog [*****.]
Gold:   411        SH:  2    Dex: 10    Spells: 11/11 levels left

rFire    . . .     SeeInvis .   (weapon currently unavailable)
rCold    . . .     Gourm    .   (shield currently unavailable)
rNeg     . . .     Faith    .   (armour currently unavailable)
rPois    .         Spirit   .   (helmet currently unavailable)
rElec    .         Reflect  +   (cloak currently unavailable)
rCorr    .         Harm     .   (gloves currently unavailable)
MR       .....                  (boots currently unavailable)
Stlth    +.........             I - +2 amulet of reflection
HPRegen  0.27/turn              (ring currently unavailable)
MPRegen  0.14/turn              (ring currently unavailable)

@: pig-form, very quick
A: small, (retaliatory headbutt)
a: Berserk, Trog's Hand, Brothers in Arms, Renounce Religion


You were on level 13 of the Dungeon.
You worshipped Trog.
Trog was extremely pleased with you.
You were not hungry.
You were a filthy swine.
You visited 2 branches of the dungeon, and saw 14 of its levels.

You collected 628 gold pieces.
You spent 217 gold pieces at shops.

Inventory:

Hand Weapons
 a - the +9 short sword of No Interval (melded) {venom, Dex+5 SInv Stlth-}
   (You took it off an orc on level 4 of the Dungeon)

   It poisons the flesh of those it strikes.
   It affects your dexterity (+5).
   It lets you see invisible.
   It makes you less stealthy.
 b - a +1 hunting sling
 E - a +4 hand axe
Missiles
 x - 79 sling bullets
 J - 4 javelins
 V - 4 poisoned javelins (quivered)
Armour
 l - a +2 plate armour of positive energy (melded)
 s - a +0 cloak (melded)
 G - a +0 pair of gloves (melded)
 X - the +1 shield of the Harvest (melded) {rElec Dex+5}
   (You found it on level 12 of the Dungeon)

   It affects your dexterity (+5).
   It insulates you from electricity.
Jewellery
 y - a ring of poison resistance (melded)
 B - a ring of positive energy (melded)
 I - a +2 amulet of reflection (around neck)
 M - an uncursed ring of flight
 N - an uncursed ring of positive energy
 S - a +2 ring of strength
Wands
 z - a wand of paralysis (5)
 A - a wand of enslavement (49)
 K - a wand of random effects (20)
 L - a wand of iceblast (11)
 O - a wand of polymorph (23)
 P - a wand of acid (7)
 R - a wand of disintegration (8)
 W - a wand of flame (59)
Scrolls
 c - a scroll of magic mapping
 e - 8 scrolls of remove curse
 g - a scroll of fear
 h - 8 scrolls of immolation
 k - 3 scrolls of identify
 m - 5 scrolls of teleportation
 t - 2 scrolls of fog
 T - 2 scrolls of enchant armour
Potions
 d - a potion of might
 i - 2 potions of haste
 j - a potion of brilliance {unknown}
 n - 4 potions of flight
 o - 2 potions of ambrosia
 r - a potion of lignification {unknown}
 u - a potion of heal wounds {unknown}
 w - a potion of berserk rage
 C - a potion of agility {unknown}
 D - a potion of degeneration {unknown}
 H - 6 potions of curing
 Q - a potion of resistance {unknown}
 Y - 2 potions of cancellation {unknown}
Miscellaneous
 v - a phantom mirror
Comestibles
 f - 25 rations


   Skills:
 + Level 10.3 Fighting
 * Level 10.7 Short Blades
 - Level 7.5 Axes
 + Level 8.3 Slings
 + Level 10.3 Armour
 + Level 10.4 Shields
 + Level 6.2 Evocations


You had 11 spell levels left.
You didn't know any spells.
Your spell library contained the following spells:

 Spells                   Type           Power        Failure   Level  Hunger
 Fireball                 Conj/Fire      #.........   100%        5    ######.
 Conjure Flame            Conj/Fire      #.......     85%         3    ####...
 Throw Flame              Conj/Fire      #.....       63%         2    ###....
 Sticky Flame             Conj/Fire      #.......     99%         4    #####..
 Flame Tongue             Conj/Fire      #....        47%         1    ##.....
 Inner Flame              Hex/Fire       #.......     85%         3    ####...


Dungeon Overview and Level Annotations

Branches:
Dungeon (13/15)            Temple (0/1) D:7            Lair (1/6) D:8
    Orc (0/2) D:12
 Vaults: D:13-14

Altars:
Cheibriados
Gozag
Kikubaaqudgha
Makhleb
Ru
Sif Muna
Trog
Uskayaw
Vehumet
Wu Jian
Xom
Zin
The Shining One

Shops:
D:7 ?   D:8 %

Annotations:
D:4 1 runed door
D:12 3 runed doors, inc's ghost, journeyman FeCK
D:13 Kirke


Innate Abilities, Weirdness & Mutations

((You reflexively headbutt those who attack you in melee.))
((You have a pair of horns on your head.))


Message History

You feel less protected from negative energy.
You see here 2 arrows.
Things that are here:
an uncursed shortbow; 19 arrows; a centaur corpse The harpy misses you.
The harpy claws you!
* * * LOW HITPOINT WARNING * * *
A hog comes into view.
Things that are here:
an uncursed shortbow; 24 arrows
Things that are here:
a shortbow; 20 arrows The harpy completely misses you.
The harpy claws you!
* * * LOW HITPOINT WARNING * * *
You see here a hydra corpse.
The harpy screeches!
You hear an angry squeal.
The harpy barely misses you. x2
You see here an arrow.
The harpy screeches!
The harpy claws you!
You die...

#....#.#.#.....
##...(#h#.......
.......(........
#h#.#....# #h)......#
####### #.@.......
#.....# #(.###...#
####.....####k@...$.##
#....(.hHH†)h)####....
##.#.....###### ..
#.......# # #.#####.#
#.#.#####.#
#......##.# ##.......#
#.#.....# #.....###


You could see Kirke, a lindwurm, 2 harpies and a hog.

Vanquished Creatures
  2 hydras
  A centaur warrior (D:13)
  5 two-headed ogres
  A deep elf mage (D:13)
  An ugly thing (D:11)
  An orc sorcerer (D:12)
  2 cyclopes
  4 trolls
  2 hornets
  Prince Ribbit (D:5)
  A hippogriff (D:9)
  2 slime creatures (D:13)
  A shadow (D:11)
  Sigmund (D:4)
  A vampire (D:10)
  Eustachio (D:4)
  4 hogs (D:9)
  14 yaks
  A human (D:9)
  Edmund (D:4)
  The ghost of iamserjio the Shield-Bearer, an amateur GrFi (D:4)
  2 water moccasins
  A soldier ant (D:11)
  A porcupine (Lair:1)
  9 orc warriors
  2 sky beasts
  A black bear (D:10)
  An eye of draining (D:10)
  4 ogres
  A necrophage (D:5)
  5 ice beasts
  3 phantoms
  8 centaurs
  3 crocodiles
  3 big kobolds
  10 bullfrogs
  A wyvern zombie (D:6)
  6 scorpions
  A wyvern skeleton (D:8)
  A water moccasin skeleton (D:7)
  5 killer bees (D:11)
  A troll zombie (D:12)
  3 wights (D:8)
  A howler monkey (D:7)
  A crimson imp (D:12)
  A bullfrog zombie (D:11)
  2 centaur zombies
  5 hounds
  5 jellies
  2 centaur skeletons
  15 orc wizards
  2 bullfrog skeletons
  8 orc priests
  Crazy Yiuf (D:2)
  Natasha (thrice) (D:4)
  An iguana (D:5)
  10 worker ants
  6 ogre zombies (D:12)
  A hound zombie (D:3)
  A hound skeleton (D:4)
  A howler monkey zombie (D:3)
  2 worker ant zombies
  12 adders
  2 river rats (D:4)
  5 shadow imps
  2 oozes
  2 adder skeletons
  An adder zombie (D:3)
  2 worms
  2 dart slugs (D:1)
  6 leopard geckos
  89 orcs
  6 giant cockroaches
  5 goblins
  8 hobgoblins
  6 jackals
  20 kobolds
  5 quokkas
  7 bats
  6 frilled lizards
  A giant cockroach zombie (D:5)
  3 goblin skeletons (D:12)
  2 goblin zombies (D:12)
  2 hobgoblin skeletons (D:12)
  4 hobgoblin zombies (D:12)
  A leopard gecko skeleton (D:3)
  14 orc zombies (D:12)
  4 rats
405 creatures vanquished.

Vanquished Creatures (others)
  A centaur (D:11)
  A kobold (D:9)
2 creatures vanquished.

Grand Total: 407 creatures vanquished

Notes
Turn   | Place    | Note
-------+----------+-------------------------------------------
     0 | D:1      | Hebeh the Minotaur Fighter began the quest for the Orb.
     0 | D:1      | Reached XP level 1. HP: 19/19 MP: 0/0
    64 | D:1      | Reached XP level 2. HP: 27/27 MP: 1/1
   694 | D:2      | Reached XP level 3. HP: 30/33 MP: 2/2
  1007 | D:2      | Found a glowing golden altar of the Shining One.
  1007 | D:2      | Found a burning altar of Makhleb.
  1008 | D:2      | Found a glowing silver altar of Zin.
  1218 | D:2      | Found an ancient bone altar of Kikubaaqudgha.
  1291 | D:2      | Reached XP level 4. HP: 36/40 MP: 3/3
  1436 | D:2      | Found a runed door.
  1668 | D:2      | Noticed Crazy Yiuf
  1674 | D:2      | Killed Crazy Yiuf
  1976 | D:3      | Reached XP level 5. HP: 39/47 MP: 4/4
  2600 | D:4      | Noticed Sigmund
  2609 | D:4      | Reached skill level 5 in Axes
  2995 | D:4      | Found a bloodstained altar of Trog.
  3047 | D:4      | Noticed Natasha
  3055 | D:4      | Killed Natasha
  3055 | D:4      | Reached XP level 6. HP: 53/55 MP: 5/5
  3199 | D:4      | Noticed Eustachio
  3210 | D:4      | Killed Eustachio
  3210 | D:4      | Reached skill level 5 in Fighting
  3210 | D:4      | Reached skill level 1 in Slings
  3210 | D:4      | Reached skill level 5 in Armour
  3210 | D:4      | Reached skill level 5 in Shields
  3244 | D:4      | Found a runed door.
  3252 | D:4      | Reached XP level 7. HP: 39/61 MP: 6/6
  3253 | D:4      | Noticed Natasha
  3263 | D:4      | Killed Natasha
  3447 | D:4      | Noticed iamserjio's ghost (amateur GrFi)
  3471 | D:4      | Killed iamserjio's ghost
  3492 | D:4      | Killed Sigmund
  3694 | D:4      | Found a radiant altar of Vehumet.
  3707 | D:4      | Noticed Natasha
  3713 | D:4      | Killed Natasha
  3713 | D:4      | Reached XP level 8. HP: 70/70 MP: 7/7
  3742 | D:4      | Noticed Edmund
  3753 | D:4      | Killed Edmund
  3839 | D:4      | Found a runed door.
  4008 | D:4      | Got a pitted short sword {venom}
  4009 | D:4      | Identified the +9 short sword of No Interval {venom, Dex+5 SInv Stlth-} (You took it off an orc on level 4 of the Dungeon)
  4066 | D:5      | Entered Level 5 of the Dungeon
  4087 | D:5      | Reached skill level 1 in Short Blades
  4259 | D:5      | Reached skill level 1 in Evocations
  4505 | D:5      | Found a deep blue altar of Sif Muna.
  4507 | D:5      | Found a sacrificial altar of Ru.
  4507 | D:5      | Found an opulent altar of Gozag.
  4593 | D:5      | Noticed Prince Ribbit
  4596 | D:5      | Killed Prince Ribbit
  4596 | D:5      | Reached XP level 9. HP: 75/78 MP: 9/9
  4857 | D:4      | Became a worshipper of Trog the Wrathful
  5147 | D:6      | Reached * piety under Trog
  5154 | D:6      | Reached skill level 5 in Short Blades
  5548 | D:6      | Found an ornate altar of the Wu Jian Council.
  5742 | D:7      | Reached skill level 5 in Slings
  5867 | D:7      | Found a staircase to the Ecumenical Temple.
  5898 | D:7      | Reached ** piety under Trog
  6131 | D:7      | Found Tadgh's Magic Scroll Boutique.
  6140 | D:7      | Bought a scroll of remove curse for 42 gold pieces
  6140 | D:7      | Bought a scroll of enchant armour for 105 gold pieces
  6140 | D:7      | Bought a scroll of identify for 28 gold pieces
  6140 | D:7      | Bought a scroll of remove curse for 42 gold pieces
  6279 | D:8      | Found Jokaabb's Food Boutique.
  6296 | D:8      | Noticed a two-headed ogre
  6312 | D:8      | Killed a two-headed ogre
  6312 | D:8      | Reached XP level 10. HP: 59/88 MP: 11/11
  6495 | D:8      | Found a staircase to the Lair.
  6560 | D:8      | Noticed a two-headed ogre
  6564 | D:8      | Killed a two-headed ogre
  6718 | D:8      | Found a shimmering altar of Xom.
  6774 | D:8      | Found a hide-covered altar of Uskayaw.
  7058 | Lair:1   | Entered Level 1 of the Lair of Beasts
  7144 | D:9      | Reached *** piety under Trog
  7159 | D:9      | Noticed a two-headed ogre
  7392 | D:9      | Killed a two-headed ogre
  7396 | D:9      | Reached XP level 11. HP: 92/95 MP: 13/13
  7510 | D:9      | Noticed a two-headed ogre
  7520 | D:9      | Killed a two-headed ogre
  7520 | D:9      | Received a gift from Trog
  8286 | D:10     | Entered Level 10 of the Dungeon
  8503 | D:10     | Found an opulent altar of Gozag.
  8613 | D:10     | Reached **** piety under Trog
  8672 | D:10     | Reached skill level 5 in Evocations
 10122 | D:11     | Noticed a two-headed ogre
 10142 | D:11     | Killed a two-headed ogre
 10142 | D:11     | Noticed a brown ugly thing
 10155 | D:11     | Killed a brown ugly thing
 10571 | D:11     | Reached ***** piety under Trog
 11039 | D:11     | Upgraded the game from 0.22-a0-580-gd5db89c to 0.22-a0-587-g7d32d7c
 11296 | D:12     | Found a snail-covered altar of Cheibriados.
 11573 | D:12     | Reached skill level 10 in Shields
 11862 | D:12     | Found a staircase to the Orcish Mines.
 11862 | D:12     | Noticed an orc sorcerer
 12052 | D:12     | Killed an orc sorcerer
 12052 | D:12     | Reached skill level 10 in Short Blades
 12052 | D:12     | Reached XP level 12. HP: 95/106 MP: 15/15
 12164 | D:12     | Received a gift from Trog
 12336 | D:12     | Reached skill level 10 in Armour
 12341 | D:12     | Reached skill level 10 in Fighting
 12385 | D:12     | Noticed a six-headed hydra
 12393 | D:12     | Killed a six-headed hydra
 12759 | D:12     | Found a runed gate.
 12760 | D:12     | Found a runed gate.
 12760 | D:12     | Found a runed gate.
 12762 | D:12     | Noticed inc's ghost (journeyman FeCK)
 12797 | D:12     | Got a distressingly furry shield
 12808 | D:12     | Identified the +1 shield of the Harvest {rElec Dex+5} (You found it on level 12 of the Dungeon)
 12952 | D:13     | Noticed a tengu warrior
 13247 | D:13     | Noticed a six-headed hydra
 13252 | D:13     | Noticed a centaur warrior
 13267 | D:13     | Killed a six-headed hydra
 13274 | D:13     | Killed a centaur warrior
 13286 | D:13     | Noticed Kirke
 13305 | D:13     | Slain by a harpy

Vault maps used:
D:1:      giann_horns
D:2:      kiku_gazebo_pond_becter, gammafunk_temple_overflow_claw,
          uniq_crazy_yiuf_cottage
D:3:      serial_undead, serial_undead_c, serial_undead_c, serial_undead_f,
          serial_undead_d, serial_undead_b, serial_undead_e, first_ration
D:4:      minmay_diamond_boxcup, kennysheep_mini_moat,
          nicolae_overflow_hidden_temple, ebering_ghost_sewer_f, uniq_sigmund,
          uniq_natasha, uniq_edmund, uniq_eustachio
D:5:      gammafunk_temple_overflow_forgotten, uniq_prince_ribbit1
D:6:      marbit_many_paths
D:7:      temple_statues, serial_shops, shop
D:8:      nicolae_overflow_crystal_walls, overflow_temple_1_default,
          lair_entry_dummy, serial_shops, nicolae_shop_crystal
D:9:      grunt_livestock, minmay_misc_feat_diagonals
D:10:     lemuel_ice_spiral_2, basic_altar, special_room
D:12:     zombieorc2_lemuel, gammafunk_ghost_spectres, cheibriados_altar_1
D:13:     minmay_curled_crystal, uniq_kirke
Lair:1:   minivault_26, minmay_lair_oklob_bushes, grunt_megastairs_3,
          uniq_nergalle

Skill      XL: |  1  2  3  4  5  6  7  8  9 10 11 12 |
---------------+-------------------------------------+-----
Axes           | 3 4 5 7 |  7.5
Fighting       | 4 5 6 7 8 9 10 | 10.3
Armour         | 4 5 6 7 8 9 10 | 10.3
Shields        | 4 5 6 7 8 9 10 | 10.4
Slings         | 1 2 4 5 6 7 8 |  8.3
Short Blades   | 3 6 8 10 | 10.7
Evocations     | 1 3 4 5 6 |  6.2

Action                   |  1- 3 |  4- 6 |  7- 9 | 10-12 || total
-------------------------+-------+-------+-------+-------++-------
Melee: War axe           |    86 |   135 |    96 |       ||   317
       Headbutt          |    11 |    21 |    76 |   173 ||   281
       Short sword       |       |       |   218 |   635 ||   853
 Fire: Hunting sling     |       |     8 |       |       ||     8
Throw: Javelin           |       |       |       |     2 ||     2
Invok: Berserk           |       |       |       |     2 ||     2
       Trog's Hand       |       |       |       |     2 ||     2
Evoke: Wand              |       |       |       |     1 ||     1
  Use: Scroll            |       |       |    13 |     5 ||    18
 Stab: Paralysed         |       |       |       |     2 ||     2
  Eat: Chunk             |     1 |     6 |    11 |    17 ||    35
       Ration            |       |       |       |     3 ||     3
Armor: Scale mail        |    39 |    45 |    79 |       ||   163
       Plate armour      |       |       |    54 |   216 ||   270
Dodge: Dodged            |    35 |    40 |    63 |   101 ||   239
Block: Shield            |    45 |    91 |   183 |   362 ||   681
       Reflection        |       |       |       |    29 ||    29

Table legend:
 A = Spawn XP
 B = Non-spawn XP
 C = Spawn XP percentage of total XP
 D = Spawn monster count
 E = Non-spawn monster count
 F = Spawn count percentage of total count
 G = Total turns spent on level
                    A         B        C        D         E        F      G
               +---------+---------+-------+---------+---------+-------+---------
         Total |       0 |   28855 |   0.0 |       0 |     407 |   0.0 | 13305
               +---------+---------+-------+---------+---------+-------+---------
           D:1 |       0 |      35 |   0.0 |       0 |      14 |   0.0 |   678
           D:2 |       0 |     112 |   0.0 |       0 |      22 |   0.0 |  1115
           D:3 |       0 |     224 |   0.0 |       0 |      34 |   0.0 |  1159
           D:4 |       0 |    1438 |   0.0 |       0 |      41 |   0.0 |  1140
           D:5 |       0 |    1296 |   0.0 |       0 |      30 |   0.0 |   805
           D:6 |       0 |    1315 |   0.0 |       0 |      30 |   0.0 |   840
           D:7 |       0 |    1007 |   0.0 |       0 |      24 |   0.0 |   665
           D:8 |       0 |    3247 |   0.0 |       0 |      27 |   0.0 |   879
           D:9 |       0 |    5421 |   0.0 |       0 |      46 |   0.0 |  1090
          D:10 |       0 |    2084 |   0.0 |       0 |      47 |   0.0 |  1552
          D:11 |       0 |    4428 |   0.0 |       0 |      29 |   0.0 |  1320
          D:12 |       0 |    4207 |   0.0 |       0 |      51 |   0.0 |  1692
          D:13 |       0 |    3904 |   0.0 |       0 |      11 |   0.0 |   311
        Lair:1 |       0 |     137 |   0.0 |       0 |       1 |   0.0 |    59
               +---------+---------+-------+---------+---------+-------+---------
